 Dungeon Crawl Stone Soup version 0.16-a0-3493-gd9d85f0 (webtiles) character file.

21840 Kemay the Spry (level 12, 0/78 HPs)
             Began as a Merfolk Transmuter on Jan 4, 2015.
             Was a Priest of Sif Muna.
             Engulfed by a cloud of freezing vapour (18 damage)
             ... in an ice cave.
             The game lasted 01:18:16 (16534 turns).

Kemay the Spry (Merfolk Transmuter)                Turns: 16534, Time: 01:18:16

Health: 0/78       AC:  6    Str: 10    XL:     12   Next: 94%
Magic:  0/26       EV: 36    Int: 17    God:    Sif Muna [***...]
Gold:   799        SH:  0    Dex: 20    Spells: 6 memorised, 4 levels left

rFire  . . .     SeeInvis .       - Unarmed
rCold  . . .     Clarity  .     s - melded +2 robe {rC+ rF+}
rNeg   + . .     SustAb   .     (shield currently unavailable)
rPois  x         Gourm    .     m - melded +2 hat {MR+}
rElec  .         Spirit   +     e - melded +2 cloak
rCorr  .         Warding  .     h - melded +0 pair of gloves
rMut   .         Stasis   .     (boots currently unavailable)
MR     +....                    F - amulet of guardian spirit
Stlth  ++........               y - +4 ring of protection
                                i - ring of positive energy

@: spider-form (expiring), somewhat resistant to hostile enchantments,
unstealthy
A: (change form in water), (swift swim), magic resistance 1, (poison resistance)
a: End Transformation, Channel Energy, Forget Spell, Renounce Religion


You were in an ice cave.
You worshipped Sif Muna.
Sif Muna was most pleased with you.
You were not hungry.
You were a venomous arachnid creature.
You visited 3 branches of the dungeon, and saw 14 of its levels.
You also visited: Sewer and Ice Cave.

You collected 819 gold pieces.

Inventory:

Armour
 e - a +2 cloak (melded)
 h - a +0 pair of gloves (melded)
 m - a +2 hat of magic resistance (melded)
 s - a +2 robe of resistance (melded)
 I - a +1 steam dragon armour
Jewellery
 i - a ring of positive energy (left front leg)
 y - a +4 ring of protection (right front leg)
 D - an uncursed ring of flight
 F - an amulet of guardian spirit (around neck)
 G - an uncursed amulet of clarity
 L - an uncursed ring of sustain abilities
 P - a +4 ring of dexterity
Magical devices
 b - a wand of frost (22)
 p - a wand of digging (9)
 q - a wand of cold (5)
 r - a wand of fire (4)
 t - a wand of teleportation (7)
 v - a wand of frost (19)
 z - a wand of slowing (17)
 C - a wand of disintegration (14)
 K - a wand of paralysis (17)
Scrolls
 o - a scroll of amnesia
 B - 5 scrolls of remove curse
 E - a scroll of magic mapping
 H - 3 scrolls of teleportation
 R - a scroll of recharging
Potions
 g - a potion of cure mutation
 k - 3 potions of flight
 l - a potion of cancellation
 n - 3 potions of mutation
 w - a potion of curing
 x - a potion of heal wounds
 A - a potion of degeneration {unknown}
 M - 3 potions of haste
 N - 2 potions of might
 O - a potion of agility
Books
 d - a book of Changes

   Spells                             Type                      Level
   a - Beastly Appendage              Transmutation                1
   b - Sticks to Snakes               Transmutation                2
   c - Spider Form                    Transmutation/Poison         3
   d - Ice Form                       Ice/Transmutation            4
   e - Blade Hands                    Transmutation                5
 J - a book of Geomancy

   Spells                             Type                      Level
   a - Sandblast                      Earth                        1
   b - Stoneskin                      Transmutation/Earth          2
   c - Passwall                       Transmutation/Earth          3
   d - Stone Arrow                    Conjuration/Earth            3
   e - Petrify                        Transmutation/Earth          4
   f - Lee's Rapid Deconstruction     Earth                        5
Miscellaneous
 Q - a plain deck of escape {drawn: 4}
Comestibles
 a - 8 bread rations
 c - 6 fruits
 f - 9 meat rations
 j - 5 beef jerkies
 u - 6 royal jellies


   Skills:
 + Level 2.2 Fighting
 - Level 15.1 Dodging
 + Level 13.3 Unarmed Combat
 - Level 6.2 Spellcasting
 - Level 12.0 Transmutations
 - Level 4.5 Ice Magic
 - Level 3.5 Poison Magic


You had 4 spell levels left.
You knew the following spells:

 Your Spells              Type           Power        Failure   Level  Hunger
a - Beastly Appendage     Trmt           #####.       1%          1    None
b - Spider Form           Trmt/Pois      ####......   6%          3    ##.....
c - Ice Form              Ice/Trmt       ####....     17%         4    ####...
d - Blade Hands           Trmt           #####.....   10%         5    #####..
e - Stoneskin             Trmt/Erth      ####....     6%          2    None
f - Petrify               Trmt/Erth      ####....     28%         4    ####...


Dungeon Overview and Level Annotations

Branches:
Dungeon (10/15)            Temple (1/1) D:4            Lair (3/8) D:8
  Swamp: Lair:3-6    Shoals: Lair:3-6     Snake: Lair:3-6    Spider: Lair:3-6
    Orc: D:9-12

Altars:
Ashenzari
Cheibriados
Dithmenos
Elyvilon
Fedhas
Gozag
Kikubaaqudgha
Makhleb
Nemelex Xobeh
Okawaru
Qazlal
Ru
Sif Muna
Trog
Vehumet
Xom
Yredelemnul
Zin
The Shining One

Shops:
D:6 (?*:   D:10 (

Annotations:
IceCv exclusion: ice statue


Innate Abilities, Weirdness & Mutations

((You revert to your normal form in water.))
((You are very nimble and swift while swimming.))
You are resistant to hostile enchantments.
((Your system is resistant to poisons.))


Message History

The ice beast completely resists.
The ice beast completely misses you.
You hit the ice beast.
The ice beast is lightly wounded.
The ice beast hits you.
* * * LOW HITPOINT WARNING * * *
The ice beast freezes you!
* * * LOW HITPOINT WARNING * * *
Drink which item? (? for menu, Esc to quit)
You feel much better. The ice beast completely misses you.
You maul the ice beast!!
The ice beast is heavily wounded.
The ice beast completely misses you. The ice beast closely misses you.
You bite the ice beast!
You kill the ice beast!
Your transformation is almost over.
You are engulfed in freezing vapours.
* * * LOW HITPOINT WARNING * * *
You are engulfed in freezing vapours.
You die...

##### ## ###...## .
# ##......# .#)
##...##..# ###§#
###.Y.##...#
#...####...####YY##
#.8§##...####§§#####
#.§.##..###§§#s##.##
#.§###..##§§§§#..#.#
#§.####..##§§##.#.##
##§§Y#....##§.##.#=#
##§...#.####..#####
######## ##.## #..##
##...# #...##


You could see an ice beast.

Vanquished Creatures
  Gastronok (Lair:2)
  A hydra (Lair:2)
  2 hill giants (D:10)
  The ghost of scienide the Chiller, an experienced DEIE of Sif Muna (D:7)
  A gargoyle (D:6)
  5 elephants (Lair:2)
  Joseph (D:7)
  2 spiny frogs
  A black mamba (Lair:1)
  Psyche (D:10)
  A komodo dragon (Lair:2)
  A fire drake (Lair:3)
  4 polar bears (IceCv)
  2 two-headed ogres
  A basilisk (Lair:1)
  A spriggan (D:7)
  2 deep elf magi
  3 wolves (IceCv)
  27 yaks
  A steam dragon (D:8)
  3 wargs (D:8)
  5 hippogriffs
  5 water moccasins
  2 orc warriors
  4 phantoms
  10 ice beasts
  3 black bears
  9 ogres
  4 sky beasts
  Sigmund (D:2)
  3 crocodiles
  7 centaurs
  2 big kobolds
  14 giant frogs
  2 elf skeletons (D:7)
  5 scorpions
  An electric eel (D:7)
  A giant frog zombie (D:5)
  12 wights
  2 crimson imps (D:8)
  A wasp zombie (D:7)
  A centaur skeleton (D:8)
  2 goliath beetles
  2 jellies (D:9)
  5 orc priests
  2 giant frog skeletons
  7 orc wizards
  3 hounds
  2 human skeletons (D:7)
  2 iguanas
  5 worker ants
  A killer bee zombie (D:6)
  8 sheep (Lair:1)
  Ijyb (D:7)
  2 hound zombies
  A hound skeleton (D:7)
  A mummy (D:8)
  12 adders
  13 gnolls
  6 orc zombies
  3 white imps (D:10)
  2 giant mites
  4 shadow imps
  3 worker ant simulacra (D:10)
  A worm (D:2)
  2 ufetubi (D:10)
  2 adder skeletons
  14 giant geckos
  An ooze (D:4)
  32 orcs
  11 bats
  A bat skeleton (D:7)
  A bat zombie (D:6)
  10 goblins
  16 hobgoblins
  16 jackals
  26 kobolds
  4 quokkas
  5 ball pythons
  9 giant cockroaches
  A giant cockroach zombie (D:5)
  16 giant newts
  2 giant spores
  14 rats
  2 ballistomycetes
429 creatures vanquished.

Vanquished Creatures (others)
  A yak (Lair:1)
  An ice beast (Lair:3)
  A worker ant (D:8)
  An orc (D:6)
  A giant spore (D:8)
  A plant (Lair:2)
6 creatures vanquished.

Grand Total: 435 creatures vanquished

Notes
Turn   | Place    | Note
--------------------------------------------------------------
     0 | D:1      | Kemay, the Merfolk Transmuter, began the quest for the Orb.
     0 | D:1      | Reached XP level 1. HP: 15/15 MP: 3/3
   259 | D:1      | Reached XP level 2. HP: 15/21 MP: 4/4
   366 | D:1      | Reached skill level 4 in Transmutations
   661 | D:1      | Reached XP level 3. HP: 26/26 MP: 4/6
   675 | D:1      | Learned a level 3 spell: Spider Form
  1442 | D:2      | Reached skill level 1 in Poison Magic
  1974 | D:2      | Noticed Sigmund
  2038 | D:2      | Reached XP level 4. HP: 25/32 MP: 2/7
  2269 | D:2      | Found a shattered altar of Ashenzari.
  2728 | D:2      | Killed Sigmund
  2728 | D:2      | Reached skill level 5 in Transmutations
  2728 | D:2      | Reached XP level 5. HP: 27/37 MP: 5/9
  2913 | D:3      | Found a burning altar of Makhleb.
  3099 | D:3      | Found a radiant altar of Vehumet.
  3271 | D:3      | Found a glowing drain.
  3291 | Sewer    | Entered a sewer
  3611 | Sewer    | Gained mutation: You are resistant to hostile enchantments. [potion of mutation]
  3611 | Sewer    | Gained mutation: Your system is resistant to poisons. [potion of mutation]
  3797 | Sewer    | Reached XP level 6. HP: 32/44 MP: 8/10
  3903 | D:3      | Found a sacrificial altar of Ru.
  3912 | D:3      | Found a glowing silver altar of Zin.
  3915 | D:3      | Found a basalt altar of Yredelemnul.
  4311 | D:4      | Reached skill level 5 in Unarmed Combat
  4790 | D:4      | Reached skill level 6 in Unarmed Combat
  4790 | D:4      | Reached XP level 7. HP: 25/50 MP: 12/12
  5338 | D:4      | Found a staircase to the Ecumenical Temple.
  5348 | Temple   | Entered the Ecumenical Temple
  5416 | Temple   | Became a worshipper of Sif Muna the Loreminder
  5795 | D:5      | Entered Level 5 of the Dungeon
  5899 | D:5      | Reached skill level 5 in Dodging
  5964 | D:5      | Reached XP level 8. HP: 15/56 MP: 13/13
  6212 | D:5      | Reached skill level 7 in Dodging
  6276 | D:5      | Found a bloodstained altar of Trog.
  6442 | D:5      | Reached skill level 8 in Dodging
  6736 | D:5      | Reached skill level 9 in Dodging
  7143 | D:5      | Reached skill level 10 in Dodging
  7157 | D:6      | Found Itsuaval's Book Emporium.
  7407 | D:6      | Found Grahaguv's Magic Scroll Shoppe.
  7435 | D:6      | Reached XP level 9. HP: 46/61 MP: 14/14
  7438 | D:6      | Reached skill level 11 in Dodging
  7674 | D:6      | Found Sturousk's Assorted Antiques.
  8042 | D:6      | Learned a level 4 spell: Ice Form
  8270 | D:6      | Reached skill level 12 in Dodging
  8328 | D:6      | Found Hageh's Weapon Shop.
  8368 | D:6      | Noticed a gargoyle
  8392 | D:6      | Killed a gargoyle
  8800 | D:7      | Reached skill level 13 in Dodging
  9017 | D:7      | Found a sand-covered staircase.
  9128 | D:7      | Noticed scienide's ghost (experienced DEIE)
  9233 | D:7      | Noticed Joseph
  9321 | D:7      | Killed Joseph
  9436 | D:7      | Noticed Ijyb
  9446 | D:7      | Killed Ijyb
  9520 | D:7      | Reached XP level 10. HP: 61/67 MP: 12/16
  9879 | D:7      | Reached skill level 10 in Unarmed Combat
 10165 | D:7      | Killed scienide's ghost
 10194 | D:8      | Found a shadowy altar of Dithmenos.
 10563 | D:8      | Found a staircase to the Lair.
 11290 | D:8      | Reached XP level 11. HP: 70/72 MP: 18/21
 12507 | D:9      | Reached skill level 1 in Ice Magic
 12517 | D:10     | Entered Level 10 of the Dungeon
 12555 | D:10     | Found Twien's Weapon Shop.
 12811 | D:10     | Noticed Psyche
 12839 | D:10     | Killed Psyche
 13140 | D:10     | Acquired Sif Muna's first power
 13303 | D:10     | Noticed a hill giant
 13349 | D:10     | Killed a hill giant
 13379 | D:10     | Learned a level 5 spell: Blade Hands
 13645 | D:10     | Noticed a hill giant
 13656 | D:10     | Killed a hill giant
 13656 | D:10     | Acquired Sif Muna's second power
 13959 | Lair:1   | Entered Level 1 of the Lair of Beasts
 14073 | Lair:1   | Reached skill level 5 in Spellcasting
 14132 | Lair:1   | Reached XP level 12. HP: 74/78 MP: 21/24
 14168 | Lair:1   | Found a blossoming altar of Fedhas.
 14186 | Lair:1   | Learned a level 2 spell: Stoneskin
 14192 | Lair:1   | Learned a level 4 spell: Petrify
 14533 | Lair:1   | Identified the Papyrus of Stones and Transmigration
 14655 | Lair:2   | Noticed Gastronok
 14682 | Lair:2   | Killed Gastronok
 14682 | Lair:2   | Reached skill level 10 in Transmutations
 15096 | Lair:2   | Noticed a seven-headed hydra
 15914 | Lair:2   | Killed a seven-headed hydra
 15914 | Lair:2   | Reached skill level 14 in Dodging
 15985 | Lair:3   | Found a frozen archway.
 15997 | Lair:3   | Found a deep blue altar of Sif Muna.
 16212 | IceCv    | Entered an ice cave
 16268 | IceCv    | Reached skill level 15 in Dodging
 16534 | IceCv    | Engulfed by a cloud of freezing vapour

Action                   |  1- 3 |  4- 6 |  7- 9 | 10-12 || total
-------------------------+-------+-------+-------+-------++-------
Melee: Unarmed           |   146 |   241 |   469 |   948 ||  1804
 Cast: Beastly Appendage |    13 |    10 |     5 |    10 ||    38
       Spider Form       |     2 |     9 |    40 |    70 ||   121
       Ice Form          |       |       |       |     5 ||     5
       Blade Hands       |       |       |       |     3 ||     3
       Petrify           |       |       |       |     1 ||     1
 Abil: End Transformatio |     1 |     3 |     4 |    22 ||    30
Evoke: Wand              |       |       |     4 |     7 ||    11
       Deck              |       |       |       |     4 ||     4
  Use: Scroll            |     3 |    10 |     7 |    12 ||    32
       Potion            |       |     4 |     5 |     1 ||    10
 Stab: Sleeping          |       |     3 |     4 |     2 ||     9
  Eat: Chunk             |     4 |    11 |    15 |    29 ||    59
       Bread ration      |       |       |     1 |       ||     1
       Fruit             |       |       |     1 |       ||     1
       Pizza             |       |       |       |     2 ||     2
